 Dungeon Crawl Stone Soup version 0.29.1-4-g47bece8355 (webtiles) character file.

Game seed: 4667495388856264854

114 ChadusMaximus the Shield-Bearer (level 4, -8/41 HPs)
             Began as a Minotaur Fighter on Dec 9, 2022.
             Killed by divine providence
             ... invoked by an orc priest
              (13 damage)
             ... on level 3 of the Dungeon.
             The game lasted 00:04:32 (2893 turns).

ChadusMaximus the Shield-Bearer (Minotaur Fighter)  Turns: 2893, Time: 00:04:33

Health: -8/41      AC:  7    Str: 23    XL:     4   Next: 67%
Magic:  3/3        EV:  9    Int:  5    God:
Gold:   41         SH:  4    Dex:  9    Spells: 3/3 levels left

rFire   . . .      SeeInvis .   a - +0 war axe
rCold   + . .      Faith    .   c - +0 buckler
rNeg    . . .      Spirit   .   b - +0 scale mail
rPois   .          Reflect  .   (helmet restricted)
rElec   .          Harm     .   (no cloak)
rCorr   .          Rampage  .   (no gloves)
Will    .....                   (no boots)
Stlth   ..........              e - amulet of regeneration
HPRegen 0.93/turn               j - ring of protection from cold
MPRegen 0.08/turn               (no ring)

@: no status effects
A: horns 2, retaliatory headbutt
a: no special abilities


You were on level 3 of the Dungeon.
You visited 1 branch of the dungeon, and saw 3 of its levels.

You collected 41 gold pieces.

Inventory:

Hand Weapons
 a - a +0 war axe (weapon)
 n - a +0 sling
Missiles
 g - 31 stones (quivered)
 w - a throwing net
Armour
 b - a +0 scale mail (worn)
 c - a +0 buckler (worn)
Jewellery
 e - an amulet of regeneration (around neck)
 j - a ring of protection from cold (left hand)
Wands
 o - a wand of paralysis (9)
Scrolls
 f - 2 scrolls of identify {unknown}
 h - 3 scrolls of noise {unknown}
 k - a scroll of blinking {unknown}
 l - 4 scrolls of teleportation {unknown}
 q - 2 scrolls of fear {unknown}
 r - a scroll of enchant armour {unknown}
 x - a scroll of fog {unknown}
Potions
 d - a potion of might
 i - a potion of attraction {unknown}
 m - a potion of brilliance {unknown}
 p - a potion of degeneration {unknown}
 s - a potion of invisibility {unknown}
 t - 2 potions of ambrosia {unknown}
 u - a potion of lignification {unknown}
 v - a potion of curing {unknown}


   Skills:
 + Level 4.5 Fighting
 + Level 3.5 Axes
 + Level 4.5 Armour
 + Level 4.6 Shields


You had 3 spell levels left.
You didn't know any spells.
Your spell library contained the following spells:

 Spells                   Type           Power      Damage    Failure   Level
 Summon Guardian Golem    Hex/Summ       0%         N/A       99%         3
 Orb of Destruction       Conj           0%         9d5       100%        7
 Spellforged Servitor     Conj/Summ      0%         N/A       100%        7


Dungeon Overview and Level Annotations

Branches:
Dungeon (3/15)

Altars:

Shops:
D:2 *


Innate Abilities, Weirdness & Mutations

You have a pair of horns on your head.
You reflexively headbutt those who attack you in melee.


Message History

Throw: 32 stones
Press: ? - help, Q - select action, (/) - cycle Shift-Dir - straight line, f/p - orc wizard
Aim: an orc wizard, wielding a +0 dagger and wearing a +0 robe (47% to hit)
You throw a stone. The stone misses the orc wizard.
The stone barely misses the goblin.
The stone hits the orc.
The orc is lightly wounded.
The orc priest looks satisfied for a moment.
You hit the orc wizard but do no damage.
The orc wizard closely misses you. The orc wizard barely misses you.
The orc priest mumbles some strange prayers to Beogh against you.
Beogh smites you!
You closely miss the orc wizard. Your headbutt misses the orc wizard.
The orc wizard hits you but does no damage.
You closely miss the orc wizard.
The orc wizard hits you but does no damage.
The orc priest begins to cast a cantrip, but forgets the words!
The orc wizard gestures at you while chanting.
The puff of flame hits you.
The orc priest mumbles some strange prayers to Beogh against you.
Beogh smites you!
Unknown command.
You closely miss the orc wizard. Your headbutt misses the orc wizard.
You block the orc wizard's attack.
You barely miss the orc wizard.
The orc wizard gestures at you while chanting.
The puff of flame hits you!
* * * LOW HITPOINT WARNING * * *
Unknown command.
The orc wizard attacks as you move away!
The orc wizard barely misses you.
The orc priest mumbles some strange prayers to Beogh against you.
Beogh smites you!
* * * LOW HITPOINT WARNING * * *
The orc wizard attacks as you move away!
The orc wizard barely misses you.
You see here a ball python corpse.
The orc priest calls down the wrath of Beogh upon you.
Beogh smites you!
You die...

##......[########.###...
####.#..................
#.#..######..........
#.#..# #........##
#.#..# #........#
#.#..######........#
#.#......##........#
#.........###..###.#
###....@.o####o.##.#
#..####.g..oo....# #.##
#######...##
##########.######
.......
#..........##...#
##o....
#.########.##.<.# .....
#.#...# ####...# ....
#.'...+ #####'#+#####
... ###...#
#...'...'...# ...


You could see an orc priest, an orc wizard, an orc and a goblin.

Vanquished Creatures
  4 gnolls
  2 adders (D:2)
  A worm (D:3)
  A dart slug (D:2)
  An orc (D:3)
  5 ball pythons
  7 endoplasms
  3 giant cockroaches
  7 goblins
  5 hobgoblins
  2 jackals (D:2)
  A quokka (D:2)
  3 bats (D:2)
  5 kobolds
  A rat (D:1)
48 creatures vanquished.

Notes
Turn   | Place    | Note
-------+----------+-------------------------------------------
     0 | D:1      | ChadusMaximus the Minotaur Fighter began the quest for the
                  | Orb.
     0 | D:1      | Reached XP level 1. HP: 19/19 MP: 0/0
   283 | D:1      | Reached XP level 2. HP: 27/27 MP: 1/1
  1230 | D:2      | Reached XP level 3. HP: 29/33 MP: 2/2
  1892 | D:2      | Found Oqigadgh's General Store.
  1913 | D:2      | Reached XP level 4. HP: 40/40 MP: 3/3
  2030 | D:2      | Found a faded altar of an unknown god.
  2889 | D:3      | HP: 1/41 [orc priest/divine providence (12)]
  2893 | D:3      | Killed from afar by an orc priest

Illustrated notes

Levels and vault maps discovered:
D:1:      nicolae_arrival_somewhat_less_tricky_arrival, layout_loops_corners,
          minmay_pentomino_s2
D:2:      layout_basic, dilly_ecumenical_altar_fadedgnrine, serial_shops,
          nicolae_shop_stone
D:3:      layout_basic, mainiacjoe_overflow_cross_hatched,
          nicolae_elevator_lobby_plus

Skill      XL: |  1  2 |
---------------+-------+-----
Fighting       | 4 |  4.5
Armour         | 4 |  4.5
Shields        | 4 |  4.6
Axes           | 3 |  3.5

Action                   |  1- 3 |  4- 6 || total
-------------------------+-------+-------++-------
Melee: War axe           |    65 |    57 ||   122
       Headbutt          |     4 |     5 ||     9
 Fire: Sling             |     5 |       ||     5
Throw: Stone             |     1 |     2 ||     3
Armor: Scale mail        |    36 |    30 ||    66
Dodge: Dodged            |    40 |    39 ||    79
Block: Buckler           |    16 |     8 ||    24
